 Dungeon Crawl Stone Soup version 0.21.1-1-g345015fe64 (webtiles) character file.

19 Lorindel the Magician (level 2, 15/15 HPs)
             Began as a Deep Elf Wizard on May 3, 2018.
             Quit the game on level 1 of the Dungeon.
             The game lasted 00:03:56 (431 turns).

Lorindel the Magician (Deep Elf Wizard)              Turns: 431, Time: 00:03:56

Health: 15/15      AC:  2    Str:  4    XL:     2   Next: 55%
Magic:  10/10      EV: 13    Int: 22    God:
Gold:   0          SH:  0    Dex: 13    Spells: 5/12 levels left

rFire    . . .     SeeInvis .   i - +0 dagger
rCold    . . .     Gourm    .   (no shield)
rNeg     . . .     Faith    .   a - +0 robe
rPois    .         Spirit   .   b - +0 hat
rElec    .         Reflect  .   (no cloak)
rCorr    .         Harm     .   (no gloves)
MR       .....                  (no boots)
Stlth    ++........             (no amulet)
HPRegen  0.05/turn              (no ring)
MPRegen  0.12/turn              (no ring)

@: no status effects
A: no striking features
a: no special abilities


You were on level 1 of the Dungeon.
You were not hungry.

You visited 1 branch of the dungeon, and saw 1 of its levels.

Inventory:

Hand Weapons
 i - a +0 dagger (weapon)
Armour
 a - a +0 robe (worn)
 b - a +0 hat (worn)
Scrolls
 e - a scroll of remove curse {unknown}
 h - a scroll of identify {unknown}
Potions
 f - a potion of cancellation {unknown}
 j - a potion of curing {unknown}
Books
 c - a book of Minor Magic

   Spells                             Type                      Level
   a - Magic Dart                     Conjuration                  1
   b - Blink                          Translocation                2
   c - Call Imp                       Summoning                    2
   d - Slow                           Hexes                        2
   e - Conjure Flame                  Conjuration/Fire             3
   f - Mephitic Cloud                 Conjuration/Poison/Air       3
Comestibles
 d - 3 rations
 g - 5 chunks of flesh


   Skills:
 - Level 2.4 Dodging
 - Level 2.4 Stealth
 + Level 5.6 Spellcasting
 - Level 1.1 Conjurations
 - Level 1.1 Summonings
 - Level 1.1 Translocations


You had 5 spell levels left.
You knew the following spells:

 Your Spells              Type           Power        Failure   Level  Hunger
a - Magic Dart            Conj           ##..         6%          1    None
b - Blink                 Tloc           N/A          9%          2    None
c - Call Imp              Summ           ##......     9%          2    None
d - Slow                  Hex            #.......     14%         2    None


Dungeon Overview and Level Annotations

Branches:
Dungeon (1/15)

Altars:


Message History

The dart slug closely misses you.
You hit the dart slug.
The dart slug is severely wounded.
Your crimson imp hits the dart slug.
You hit the dart slug.
You kill the dart slug!
You see here a dart slug corpse.
You butcher the dart slug corpse.
g - 8 chunks of flesh (gained 2)
Your crimson imp disappears in a puff of smoke!
You start resting.
Magic restored.
You start resting.
Some of the chunks of flesh in your inventory have rotted away. x2
HP restored.
Quiver which item? (- for none, * to show all) (? for menu, Esc to quit)
Okay, then.
Quiver which item? (- for none, * to show all) (? for menu, Esc to quit)
Okay, then.
Are you sure you want to abandon this character and quit the game? (Confirm with "yes".)

#........##
#....######.#
#.##'#....#
#....# #.#
#.##.####.#
#....# #..
#.##(####.#
###### #.#
#.##.)....#
#.#
#.#####...#
#.....'...#
..####...#
#.......@.#
#.####....#
.......#
.........#
#.#
.##.....##
#.. #.#...#
.# #.....#
#.. ###.#.#
### .


There were no monsters in sight!

Vanquished Creatures
  A dart slug (D:1)
  2 bats (D:1)
  A giant cockroach (D:1)
  3 goblins (D:1)
  A hobgoblin (D:1)
  3 frilled lizards (D:1)
  3 kobolds (D:1)
  A rat (D:1)
15 creatures vanquished.

Vanquished Creatures (collateral kills)
  A goblin (D:1)
  A kobold (D:1)
2 creatures vanquished.

Grand Total: 17 creatures vanquished

Notes
Turn   | Place    | Note
-------+----------+-------------------------------------------
     0 | D:1      | Lorindel the Deep Elf Wizard began the quest for the Orb.
     0 | D:1      | Reached XP level 1. HP: 10/10 MP: 7/7
   170 | D:1      | Reached skill level 5 in Spellcasting
   197 | D:1      | Reached XP level 2. HP: 15/15 MP: 7/10
   201 | D:1      | Learned a level 2 spell: Blink
   204 | D:1      | Learned a level 2 spell: Call Imp
   207 | D:1      | Learned a level 2 spell: Slow
   431 | D:1      | Quit the game

Skill      XL: |  1 |
---------------+----+-----
Spellcasting   | 5 |  5.6
Dodging        | |  2.4
Stealth        | |  2.4
Conjurations   | |  1.1
Summonings     | |  1.1
Translocations | |  1.1

Action                   || total
-------------------------++-------
Melee: Dagger            ||    14
 Cast: Magic Dart        ||    22
       Call Imp          ||     2
Armor: Robe              ||     4
Dodge: Dodged            ||    14
